 Dungeon Crawl Stone Soup version 0.20.1-1-g8b1a95d66d (webtiles) character file.

11034 Ivernyr the Markscentaur (level 11, -3/95 HPs)
             Began as a Centaur Hunter on Dec 8, 2017.
             Was a High Priest of Okawaru.
             Slain by a sphinx (5 damage)
             ... on level 10 of the Dungeon.
             The game lasted 00:57:28 (16725 turns).

Ivernyr the Markscentaur (Centaur Hunter)          Turns: 16725, Time: 00:57:28

Health: -3/95      AC:  9    Str: 17    XL:     11   Next: 44%
Magic:  16/16      EV: 11    Int: 13    God:    Okawaru [*****.]
Gold:   313        SH:  0    Dex: 10    Spells: 3/10 levels left

rFire    + . .     SeeInvis +     - Unarmed
rCold    . . .     Gourm    .   (no shield)
rNeg     . . .     Faith    .   c - +1 leather armour
rPois    .         Spirit   .   (no helmet)
rElec    .         Reflect  .   A - +0 cloak
rCorr    +         Harm     .   x - +0 pair of gloves
MR       .....                  (no barding)
Stlth    ..........             i - amulet of rage
Regen    0.3/turn               e - ring of resist corrosion
MPRegen  0.2/turn               C - ring of see invisible

@: confused, hasted, very quick
A: hooves 3, repulsion field 1, thin metallic scales 1, deformed body, fire
resistance 1, speed 2, strong 1, tough skin 3, wild magic 1, MP-powered wands
a: Heroism, Finesse, Renounce Religion, Evoke Berserk Rage


You were on level 10 of the Dungeon.
You worshipped Okawaru.
Okawaru was extremely pleased with you.
You were not hungry.

You visited 2 branches of the dungeon, and saw 11 of its levels.
You also visited: Ossuary.

You collected 593 gold pieces.
You spent 280 gold pieces at shops.

Inventory:

Hand Weapons
 a - the +1 shortbow of Prescription {venom, rPois rC+}
   (You found it on level 9 of the Dungeon)

   It poisons the ammo it fires.
   It protects you from cold.
   It protects you from poison.
Missiles
 d - 268 arrows
Armour
 c - a +1 leather armour (worn)
 x - a +0 pair of gloves (worn)
 A - a +0 cloak (worn)
Jewellery
 e - a ring of resist corrosion (left hand)
 i - an amulet of rage (around neck)
 C - a ring of see invisible (right hand)
Wands
 D - a wand of acid (8/15)
 L - a wand of paralysis (8/24)
 M - a wand of acid (3/15)
Scrolls
 b - 5 scrolls of enchant armour
 g - 3 scrolls of recharging
 h - 3 scrolls of blinking
 j - 4 scrolls of enchant weapon
 k - 5 scrolls of identify
 l - 3 scrolls of fog {unknown}
 t - a scroll of magic mapping {unknown}
 u - a scroll of holy word {unknown}
 v - 2 scrolls of teleportation
 y - 3 scrolls of amnesia {unknown}
 F - a scroll of immolation {unknown}
 I - a scroll of fear {unknown}
 K - 2 scrolls of remove curse
Potions
 m - 2 potions of cancellation {unknown}
 p - 5 potions of flight {unknown}
 q - a potion of mutation
 r - a potion of haste
 s - 2 potions of lignification {unknown}
 w - 5 potions of curing {unknown}
 z - a potion of heal wounds {unknown}
 B - 4 potions of agility {unknown}
 E - a potion of berserk rage
 H - a potion of degeneration {unknown}
 J - a potion of ambrosia {unknown}
Comestibles
 f - 8 bread rations
 n - 9 meat rations
 o - 10 fruits
 G - 2 royal jellies
 N - 3 chunks of flesh


   Skills:
 + Level 8.7 Fighting
 * Level 15.6 Bows
 - Level 1.3 Dodging
 - Level 0.4 Stealth
 + Level 8.6 Unarmed Combat
 + Level 6.9 Invocations


You had 3 spell levels left.
You knew the following spells:

 Your Spells              Type           Power        Failure   Level  Hunger
a - Swiftness             Chrm/Air       #.......     58%         2    ###....
b - Blade Hands           Tmut           #.........   100%        5    ######.


Dungeon Overview and Level Annotations

Branches:
Dungeon (10/15)            Temple (1/1) D:4            Lair (0/6) D:8
    Orc (0/2) D:9

Altars:
Ashenzari
Cheibriados
Dithmenos
Elyvilon
Fedhas
Gozag
Hepliaklqana
Kikubaaqudgha
Makhleb
Nemelex Xobeh
Okawaru
Qazlal
Ru
Sif Muna
Trog
Uskayaw
Vehumet
Xom
Yredelemnul
Zin
The Shining One

Shops:
D:7 =   D:9 ?


Innate Abilities, Weirdness & Mutations

You have hooves in place of feet.
Armour fits poorly on your strangely shaped body.
You cover ground very quickly.
You have extremely tough skin. (AC +3)
You are surrounded by a mild repulsion field. (EV +2)
You are partially covered in thin metallic scales. (AC +2)
Your flesh is heat resistant. (rF+)
Your muscles are strong. (Str +2)
Your spells are a little harder to cast, but a little more powerful.
You expend magic power (3 MP) to strengthen your wands.


Message History

The sphinx hits you!
* * * LOW HITPOINT WARNING * * *
The sphinx hits you but does no damage. The sphinx completely misses you.
The ice beast hits you.
* * * LOW HITPOINT WARNING * * *
The ice beast freezes you!
* * * LOW HITPOINT WARNING * * *
You punch the sphinx!
The sphinx is lightly wounded.
You feel less confused.
The ice beast hits you but does no damage.
The sphinx mumbles some strange words.
You are confused.
Unknown command.
You bump into the stone wall.
The ice beast misses you.
The ice beast hits you but does no damage.
You're too confused to move!
The sphinx closely misses you. x2
The sphinx hits you.
You die...

.###....#......##.##....#......#
)####..)#......#...#....#......#
..# #...##+##.##.#.##...#......#
.####...## ..#.# #.#...#......#
..†.#....# ..##.. ..##..#......#
#####....# .#... ...#.........#
# #....## .##.#.#.#.##..#.....#
# #....##..#.#.#.#.#.#........#
# #.......##...@.....##.......#
# #.....#####.YH#########....##
####...### ###c#.####..###...##
##...### #.#.#.##.#..####...
...### #.##.##.#.##..# ###.
.###. #.# })|##...##..##.##
#....... ## .|⌠|.###..##..#...
.###.##. ##|)}##.##..##...##
...### ##.##.####.)..###.


You could see a sphinx, a yaktaur captain and an ice beast.

Vanquished Creatures
  Erica (D:8)
  2 two-headed ogres
  Pikel (D:8)
  Maurice (D:8)
  3 trolls
  A hippogriff (D:7)
  The ghost of Peloso the Shield-Bearer, an amateur HaFi (D:4)
  6 yaks
  A spriggan (D:10)
  A hungry ghost (D:9)
  Menkaure (D:5)
  6 orc warriors
  3 porcupines
  An ice beast (D:7)
  3 sky beasts
  A black bear (D:4)
  2 phantoms
  A necrophage (D:6)
  3 ogres
  7 centaurs
  2 crocodiles
  2 elf zombies (Ossuary)
  13 bullfrogs
  A gnoll sergeant (D:4)
  A wyvern skeleton (D:9)
  3 scorpions
  4 killer bees (D:8)
  4 wights (D:8)
  5 howler monkeys
  4 crimson imps
  4 centaur zombies (Ossuary)
  5 hounds
  2 jellies
  6 human zombies (Ossuary)
  A centaur skeleton (D:6)
  A bullfrog skeleton (D:5)
  6 orc priests
  5 iguanas
  7 orc wizards
  5 worker ants
  A hound zombie (D:5)
  2 hound skeletons
  3 mummies (Ossuary)
  10 gnolls
  15 adders
  4 shadow imps
  3 oozes
  An adder skeleton (D:6)
  2 worms (D:2)
  4 leopard geckos
  19 orcs
  7 bats
  3 giant cockroaches
  9 goblins
  10 hobgoblins
  11 jackals
  7 quokkas
  10 frilled lizards
  9 kobolds
  2 quokka skeletons
  A quokka zombie (D:8)
  12 rats
272 creatures vanquished.

Vanquished Creatures (others)
  A black bear (D:8)
  A slave (D:8)
  An orc priest (D:8)
  An orc wizard (D:8)
  A worker ant (D:8)
  2 orcs (D:8)
  2 jackals (D:8)
  A fungus (D:8)
  5 plants (D:8)
15 creatures vanquished.

Grand Total: 287 creatures vanquished

Notes
Turn   | Place    | Note
-------+----------+-------------------------------------------
     0 | D:1      | Ivernyr the Centaur Hunter began the quest for the Orb.
     0 | D:1      | Reached XP level 1. HP: 17/17 MP: 1/1
   385 | D:1      | Reached skill level 1 in Unarmed Combat
   388 | D:1      | Reached XP level 2. HP: 14/24 MP: 2/2
  1137 | D:1      | Reached XP level 3. HP: 27/30 MP: 3/3
  1452 | D:2      | Reached skill level 6 in Bows
  2233 | D:2      | Found a deep blue altar of Sif Muna.
  2271 | D:2      | Reached XP level 4. HP: 37/37 MP: 4/4
  2679 | D:2      | Noticed a two-headed ogre
  2750 | D:2      | HP: 1/37 [poisoned by an adder]
  2757 | D:2      | HP: 1/37 [poisoned by an adder]
  2764 | D:2      | Gained mutation: You are surrounded by a mild repulsion field. (EV +2) [potion of mutation]
  2764 | D:2      | Gained mutation: You expend magic power (3 MP) to strengthen your wands. [potion of mutation]
  2764 | D:2      | Gained mutation: Your muscles are strong. (Str +2) [potion of mutation]
  2764 | D:2      | Gained mutation: Your spells are a little harder to cast, but a little more powerful. [potion of mutation]
  2764 | D:2      | HP: 1/37 [poisoned by an adder]
  3307 | D:2      | Killed a two-headed ogre
  3307 | D:2      | Reached skill level 9 in Bows
  3307 | D:2      | Reached XP level 5. HP: 43/47 MP: 5/5
  3307 | D:2      | Reached XP level 6. HP: 48/53 MP: 6/6
  3307 | D:2      | Reached XP level 7. HP: 55/60 MP: 7/7
  3675 | D:3      | Noticed a two-headed ogre
  3735 | D:3      | Killed a two-headed ogre
  3735 | D:3      | Reached skill level 5 in Fighting
  3735 | D:3      | Reached skill level 10 in Bows
  3735 | D:3      | Reached skill level 5 in Unarmed Combat
  3735 | D:3      | Reached XP level 8. HP: 69/69 MP: 8/8
  4297 | D:4      | Found a staircase to the Ecumenical Temple.
  4301 | D:4      | Noticed Peloso's ghost (amateur HaFi)
  4305 | Temple   | Entered the Ecumenical Temple
  4366 | Temple   | Became a worshipper of Warmaster Okawaru
  4645 | D:4      | Reached skill level 11 in Bows
  5094 | D:4      | Found a blossoming altar of Fedhas.
  5616 | D:4      | Killed Peloso's ghost
  5813 | D:4      | Reached XP level 9. HP: 66/75 MP: 9/9
  5900 | D:4      | Reached skill level 12 in Bows
  6089 | D:5      | Entered Level 5 of the Dungeon
  6170 | D:5      | Learned a level 2 spell: Swiftness
  6580 | D:5      | Reached * piety under Okawaru
  7043 | D:5      | Noticed Menkaure
  7053 | D:5      | Killed Menkaure
  7053 | D:5      | Reached skill level 1 in Invocations
  8765 | D:6      | Reached skill level 13 in Bows
  9117 | D:6      | Reached ** piety under Okawaru
  9785 | D:7      | Reached XP level 10. HP: 71/86 MP: 12/12
 10288 | D:7      | Found Urries's Jewellery Boutique.
 10296 | D:7      | Bought an uncursed ring of see invisible for 210 gold pieces
 10344 | D:7      | Found a sacrificial altar of Ru.
 10649 | D:8      | You fall through a shaft!
 10795 | D:9      | Gained mutation: You evolve. [mutagenic meat]
 10902 | D:9      | Found Benattoe's Magic Scroll Boutique.
 10912 | D:9      | Bought a scroll of remove curse for 42 gold pieces
 10912 | D:9      | Bought a scroll of identify for 28 gold pieces
 10943 | D:8      | Found a white marble altar of Elyvilon.
 10967 | D:8      | Found a sand-covered staircase.
 10973 | Ossuary  | Entered an ossuary
 11410 | D:8      | Noticed Erica
 11483 | D:8      | Found a staircase to the Lair.
 11798 | D:7      | Reached *** piety under Okawaru
 11798 | D:7      | Reached skill level 14 in Bows
 11798 | D:7      | Reached skill level 5 in Invocations
 12714 | D:7      | Gained mutation: You are partially covered in thin metallic scales. (AC +2) [evolution]
 12893 | D:8      | Noticed Pikel
 12911 | D:8      | Killed Pikel
 13007 | D:8      | Found a shadowy altar of Dithmenos.
 13069 | D:8      | Noticed Maurice
 13101 | D:8      | Killed Maurice
 13101 | D:8      | Reached **** piety under Okawaru
 13302 | D:8      | Killed Erica
 13302 | D:8      | Reached XP level 11. HP: 35/95 MP: 15/15
 13663 | D:8      | Reached skill level 15 in Bows
 13703 | D:8      | Found a bloodstained altar of Trog.
 13724 | D:8      | Received a gift from Okawaru
 14210 | D:9      | Noticed a two-headed ogre
 14985 | D:9      | Got a dazzling shortbow
 14986 | D:9      | Identified the cursed +1 shortbow of Prescription {venom, rPois rC+} (You found it on level 9 of the Dungeon)
 15021 | D:9      | Found a staircase to the Orcish Mines.
 15061 | D:10     | Entered Level 10 of the Dungeon
 15117 | D:10     | Found a burning altar of Makhleb.
 16103 | D:10     | Reached ***** piety under Okawaru
 16181 | D:10     | Gained mutation: Your flesh is heat resistant. (rF+) [evolution]
 16181 | D:10     | Lost mutation: You evolve. [end of evolution]
 16594 | D:10     | Learned a level 5 spell: Blade Hands
 16712 | D:10     | Noticed a sphinx
 16713 | D:10     | Noticed a yaktaur captain
 16719 | D:10     | HP: 2/95 [ice beast (13)]
 16725 | D:10     | Slain by a sphinx

Skill      XL: |  1  2  3  4  5  6  7  8  9 10 11 |
---------------+----------------------------------+-----
Unarmed Combat | 1 3 5 6 7 8 |  8.6
Bows           | 6 9 10 11 13 14 15 | 15.6
Fighting       | 4 5 6 7 8 |  8.7
Invocations    | 3 6 |  6.9
Dodging        | |  1.3
Stealth        | |  0.4

Action                   |  1- 3 |  4- 6 |  7- 9 | 10-12 || total
-------------------------+-------+-------+-------+-------++-------
Melee: Unarmed           |   234 |    36 |   326 |   429 ||  1025
       Kick              |    25 |     1 |    85 |   124 ||   235
       Punch             |       |       |     6 |    10 ||    16
 Fire: Shortbow          |    34 |    39 |   220 |   261 ||   554
  Use: Potion            |       |     3 |       |     1 ||     4
       Scroll            |       |     2 |     3 |     8 ||    13
  Eat: Chunk             |     4 |     1 |    17 |    20 ||    42
       Fruit             |       |     1 |       |     1 ||     2
Armor: Leather armour    |    77 |    19 |    68 |   148 ||   312
Dodge: Dodged            |   111 |    17 |   173 |   230 ||   531
